 Dungeon Crawl Stone Soup version 0.21.1-1-g345015f (webtiles) character file.

389 Lilu the Slinger (level 7, -3/45 HPs)
             Began as a Halfling Hunter on July 21, 2018.
             Slain by Sigmund
             ... wielding a +0 scythe
              (12 damage)
             ... on level 3 of the Dungeon.
             The game lasted 00:26:13 (3079 turns).

Lilu the Slinger (Halfling Hunter)                  Turns: 3079, Time: 00:26:13

Health: -3/45      AC:  5    Str: 19    XL:     7   Next: 7%
Magic:  7/7        EV: 15    Int:  9    God:
Gold:   136        SH:  0    Dex: 17    Spells: 6/6 levels left

rFire    . . .     SeeInvis .   v - +2 dagger (speed)
rCold    . . .     Gourm    .   (shield restricted)
rNeg     . . .     Faith    .   c - +0 leather armour
rPois    .         Spirit   .   (no helmet)
rElec    .         Reflect  .   G - +0 cloak
rCorr    .         Harm     .   h - +0 pair of gloves
MR       .....                  (no boots)
Stlth    ++........             x - amulet of regeneration
HPRegen  0.55/turn              (no ring)
MPRegen  0.10/turn              A - +6 ring of strength

@: very slow
A: small, mutation resistance 1
a: no special abilities


You were on level 3 of the Dungeon.
You were not hungry.

You visited 1 branch of the dungeon, and saw 3 of its levels.

You collected 136 gold pieces.

Inventory:

Hand Weapons
 a - a +1 hunting sling
 b - a +0 short sword
 v - a +2 dagger of speed (weapon)
Missiles
 d - 12 sling bullets
 l - 6 tomahawks (quivered)
 t - 13 poisoned needles
 y - 63 stones
 B - 12 arrows
Armour
 c - a +0 leather armour (worn)
 h - a +0 pair of gloves (worn)
 G - a +0 cloak (worn)
Jewellery
 x - an amulet of regeneration (around neck)
 A - a +6 ring of strength (right hand)
Scrolls
 e - 5 scrolls of remove curse
 j - a scroll of identify
 q - a scroll of teleportation
Potions
 g - a potion of resistance {unknown}
 p - a potion of magic {unknown}
 r - a potion of heal wounds {unknown}
 u - a potion of brilliance {unknown}
 w - a potion of lignification {unknown}
 D - 3 potions of degeneration {unknown}
Comestibles
 f - 4 rations


   Skills:
 + Level 2.7 Fighting
 * Level 10.4 Slings
 + Level 1.1 Armour
 + Level 2.3 Dodging
 + Level 1.1 Stealth


You had 6 spell levels left.
You didn't know any spells.

Dungeon Overview and Level Annotations

Branches:
Dungeon (3/15)

Altars:
Cheibriados
Elyvilon

Annotations:
D:3 Sigmund


Innate Abilities, Weirdness & Mutations

You are small and have problems with some larger weapons.
You are somewhat resistant to further mutation.


Message History

The magic dart hits you!
You hear some strange, mumbled words.
A puff of flame appears from out of thin air!
The puff of flame hits you!
You closely miss something. You barely miss something. Something hits you.
You barely miss something. You hit something. Something hits you.
You barely miss something. You hit something. Something closely misses you.
You hit something. You completely miss something. Something hits you!
You completely miss something. You hit something. You closely miss something.
Something barely misses you.
You hit something. You hit something. Something hits you!
* * * LOW HITPOINT WARNING * * *
Something hits you!
You die...

########## #..>.....# ##
#........# ###. #........#
####...
###........############...<..
###...........@.{....((......##
###...#........######..#########
...............# ###.##
............)..# #..<# #####
...............####.### #...#
...............#....# #.".#
........=..##....##########...#
..........................#...###
...........####..###..#.#........


There were no monsters in sight!

Vanquished Creatures
  Grinder (D:3)
  An orc priest (D:3)
  An iguana (D:3)
  5 adders
  2 oozes
  A worm (D:2)
  3 dart slugs
  4 leopard geckos
  3 orcs (D:3)
  A giant cockroach (D:1)
  10 hobgoblins
  3 jackals (D:3)
  4 kobolds
  4 quokkas (D:3)
  3 ball pythons
  12 bats
  2 frilled lizards
  7 goblins
  7 rats
74 creatures vanquished.

Vanquished Creatures (others)
  5 toadstools (D:1)
5 creatures vanquished.

Grand Total: 79 creatures vanquished

Notes
Turn   | Place    | Note
-------+----------+-------------------------------------------
     0 | D:1      | Lilu the Halfling Hunter began the quest for the Orb.
     0 | D:1      | Reached XP level 1. HP: 14/14 MP: 1/1
   111 | D:1      | Reached skill level 6 in Slings
   201 | D:1      | Reached XP level 2. HP: 19/19 MP: 2/2
   548 | D:1      | Reached XP level 3. HP: 24/24 MP: 3/3
   728 | D:1      | Reached skill level 7 in Slings
   899 | D:1      | You fall through a shaft!
   995 | D:2      | Reached XP level 4. HP: 29/29 MP: 4/4
  1576 | D:2      | Reached skill level 8 in Slings
  1849 | D:3      | Reached XP level 5. HP: 34/34 MP: 5/5
  1927 | D:3      | Noticed Grinder
  1949 | D:3      | Killed Grinder
  1949 | D:3      | Reached skill level 9 in Slings
  1949 | D:3      | Reached skill level 1 in Armour
  1949 | D:3      | Reached XP level 6. HP: 33/41 MP: 6/6
  1993 | D:3      | Reached skill level 10 in Slings
  2145 | D:3      | Found a faded altar of an unknown god.
  2168 | D:3      | Noticed Sigmund
  2407 | D:3      | Found a white marble altar of Elyvilon.
  2622 | D:3      | Became a worshipper of Cheibriados the Contemplative
  2622 | D:3      | Reached * piety under Cheibriados
  2623 | D:3      | Fell from the grace of Cheibriados
  2690 | D:3      | Reached XP level 7. HP: 25/45 MP: 7/7
  3079 | D:3      | Slain by Sigmund

Skill      XL: |  1  2  3  4  5  6 |
---------------+-------------------+-----
Slings         | 6 7 8 9 10 | 10.4
Fighting       | 2 |  2.7
Armour         | 1 |  1.1
Dodging        | |  2.3
Stealth        | |  1.1

Action                   |  1- 3 |  4- 6 |  7- 9 || total
-------------------------+-------+-------+-------++-------
Melee: Short sword       |    16 |       |       ||    16
       Dagger            |       |    24 |    13 ||    37
 Fire: Hunting sling     |    46 |   176 |     7 ||   229
Throw: Tomahawk          |       |     6 |     2 ||     8
Invok: Renounce Religion |       |     1 |       ||     1
  Use: Scroll            |       |     1 |     9 ||    10
  Eat: Chunk             |       |     2 |     1 ||     3
       Ration            |       |     1 |       ||     1
Armor: Leather armour    |     2 |    13 |       ||    15
Dodge: Dodged            |    17 |    32 |     3 ||    52
